 Dungeon Crawl Stone Soup version 0.24.0-123-gd5b16e6ec5 (webtiles) character file.

Game seed: 12576575852826211673, levelgen mode: deterministic

326 Elellon the Cleaver (level 6, -2/51 HPs)
             Began as a Hill Orc Fighter on Jan 19, 2020.
             Slain by Grinder (3 damage)
             ... on level 3 of the Dungeon.
             The game lasted 00:02:59 (2614 turns).

Elellon the Cleaver (Hill Orc Fighter)              Turns: 2614, Time: 00:03:00

Health: -2/51      AC:  6    Str: 21    XL:     6   Next: 49%
Magic:  6/6        EV:  7    Int:  8    God:
Gold:   148        SH:  9    Dex: 10    Spells: 5/5 levels left

rFire    . . .     SeeInvis .   a - +0 war axe
rCold    . . .     Gourm    .   c - +0 shield
rNeg     . . .     Faith    .   b - +0 scale mail
rPois    .         Spirit   .   (no helmet)
rElec    .         Reflect  .   (no cloak)
rCorr    .         Harm     .   (no gloves)
MR       .....                  (no boots)
Stlth    ..........             (no amulet)
HPRegen  0.17/turn              (no ring)
MPRegen  0.10/turn              (no ring)

@: no status effects
A: no striking features
a: no special abilities


You were on level 3 of the Dungeon.
You were not hungry.

You visited 1 branch of the dungeon, and saw 3 of its levels.

You collected 148 gold pieces.

Inventory:

Hand Weapons
 a - a +0 war axe (weapon)
Armour
 b - a +0 scale mail (worn)
 c - a +0 shield (worn)
Jewellery
 k - an uncursed ring of see invisible {unknown}
Wands
 p - a wand of polymorph (2)
Scrolls
 g - a scroll of remove curse {unknown}
 h - a scroll of enchant weapon {unknown}
 l - a scroll of noise {unknown}
 m - 3 scrolls of teleportation {unknown}
 n - a scroll of fog {unknown}
 o - a scroll of fear {unknown}
Potions
 d - 2 potions of might
 e - 2 potions of brilliance {unknown}
 i - a potion of agility {unknown}
 j - 2 potions of flight {unknown}
 q - a potion of heal wounds {unknown}
Comestibles
 f - 6 rations
 r - 16 chunks of flesh


   Skills:
 - Level 3.6 Fighting
 + Level 8.8 Axes
 - Level 3.2 Armour
 - Level 3.2 Shields


You had 5 spell levels left.
You didn't know any spells.
Your spell library was empty.

Dungeon Overview and Level Annotations

Branches:
Dungeon (3/15)

Altars:
Ru

Annotations:
D:3 Grinder


Message History

Grinder is heavily wounded.
Grinder hits you but does no damage. Grinder hits you.
You writhe in agony.
* * * LOW HITPOINT WARNING * * *
Some of the chunks of flesh in your inventory have rotted away.
You slash Grinder!
Grinder is severely wounded.
Grinder completely misses you.
You hit Grinder but do no damage.
Grinder is severely wounded.
Grinder hits you but does no damage.
Unknown command.
Your shield prevents you from hitting Grinder.
Grinder is severely wounded.
Grinder gestures at you. Pain shoots through your body!
* * * LOW HITPOINT WARNING * * *
You closely miss Grinder.
Grinder is severely wounded.
Grinder hits you.
You die...

#.# ..##.##. #.#
#.##.##. #.# #.##.##.
#.# #.##.##.
####.###.##.#..
#........##.#.#
#.##.##..##.#.#
#.######.##.##........
#...5@.............#.#
########..###..#####.#
#......# #..# #.#
#.###..###..# #.# #.#
###...### #.# #.#
##### #.# #.# #.# #.#
#.# #.##### #.#


You could see Grinder.

Vanquished Creatures
  Sigmund (D:3)
  Natasha (thrice) (D:2)
  3 adders
  A worm (D:3)
  4 dart slugs
  A leopard gecko (D:2)
  6 orcs (D:3)
  A ball python (D:1)
  A giant cockroach (D:1)
  7 goblins
  4 hobgoblins (D:1)
  2 jackals (D:3)
  2 bats
  5 frilled lizards
  4 kobolds
  6 rats
51 creatures vanquished.

Notes
Turn   | Place    | Note
-------+----------+-------------------------------------------
     0 | D:1      | Elellon the Hill Orc Fighter began the quest for the Orb.
     0 | D:1      | Reached XP level 1. HP: 19/19 MP: 1/1
    90 | D:1      | Reached skill level 3 in Axes
   145 | D:1      | Reached XP level 2. HP: 26/26 MP: 2/2
   174 | D:1      | Reached skill level 4 in Axes
   810 | D:2      | Noticed Natasha
   813 | D:2      | Killed Natasha
   813 | D:2      | Reached skill level 5 in Axes
   813 | D:2      | Reached XP level 3. HP: 28/31 MP: 3/3
  1067 | D:2      | Reached XP level 4. HP: 36/39 MP: 4/4
  1080 | D:2      | Found a sacrificial altar of Ru.
  1438 | D:2      | Reached skill level 6 in Axes
  1523 | D:2      | Noticed Natasha
  1537 | D:2      | Killed Natasha
  1775 | D:2      | Noticed Natasha
  2013 | D:2      | Killed Natasha
  2013 | D:2      | Reached XP level 5. HP: 25/45 MP: 5/5
  2187 | D:2      | Found a sacrificial altar of Ru.
  2316 | D:3      | Noticed Sigmund
  2409 | D:3      | Killed Sigmund
  2409 | D:3      | Reached skill level 8 in Axes
  2409 | D:3      | Reached XP level 6. HP: 46/51 MP: 6/6
  2596 | D:3      | Noticed Grinder
  2600 | D:3      | Paralysed by Grinder for 4 turns
  2613 | D:3      | HP: 1/51 [Grinder/nerve-wracking pain (14)]
  2614 | D:3      | Slain by Grinder

Levels and vault maps discovered:
D:1:      kilobyte_arrival_exit_the_forest, layout_loops_cross,
          minmay_pentomino_w2
D:2:      layout_loops_ring, marbit_many_paths, uniq_natasha
D:3:      layout_loops_ring, chequers_ecumenical_altar_lobes, uniq_sigmund,
          uniq_grinder

Skill      XL: |  1  2  3  4  5 |
---------------+----------------+-----
Axes           | 3 5 6 8 |  8.8
Fighting       | |  3.6
Armour         | |  3.2
Shields        | |  3.2

Action                   |  1- 3 |  4- 6 || total
-------------------------+-------+-------++-------
Melee: War axe           |    69 |   121 ||   190
       Unarmed           |       |    11 ||    11
  Eat: Chunk             |       |     6 ||     6
Armor: Scale mail        |    19 |    36 ||    55
Dodge: Dodged            |    20 |    37 ||    57
Block: Shield            |    33 |    42 ||    75
